General information
- name: BNet
- type: Ladder team game (AT/RT)
- host: Battle.net
- saver: Ingang
map: Battleground
- players: 8
- length: 38:15
- speed: Fast
- version: 1.26 W3XP
- replay type: Public
» download(204 KB)
Players
team 1 (winner)

»
Loadmaster (
pink | 28 APM | 778 actions | 27:27)
6 Blademaster
3 Wind Walk
2 Critical Strike
1 Bladestorm
5 Shadow Hunter
3 Healing Wave
1 Hex
1 Serpent Ward
» actions
| Basic commands | 33 | |
| Build / train | 60 | |
| Enter build submenu | 17 | |
| Enter hero's abilities submenu | 11 | |
| Right click | 320 | |
| Select / deselect | 258 | |
| Use ability | 79 | |
778 total
» units
| Peon | 10 | |
| Raider | 6 | |
| Kodo Beast | 2 | |
| Wind Rider | 3 | |
| Shaman | 5 | |
| Troll Batrider | 1 | |
27 total
» upgrades
| Melee Weapons | 2 | |
| Armor | 2 | |
| Spiked Barricades | 1 | |
| Pillage | 1 | |
| Ensnare | 1 | |
| Shaman Training | 2 | |
| Ranged Weapons | 1 | |
10 total
» buildings
| Altar of Storms | 1 | |
| Orc Burrow | 9 | |
| Voodoo Lounge | 1 | |
| War Mill | 1 | |
| Stronghold | 1 | |
| Beastiary | 2 | |
| Fortress | 1 | |
| Spirit Lodge | 1 | |
| Great Hall | 2 | |
19 total
» build order
00:07 Altar of Storms
00:10 Orc Burrow
01:13 Voodoo Lounge
01:53 Orc Burrow
02:33 War Mill
03:54 Stronghold
05:50 Orc Burrow
06:17 Beastiary
06:18 Beastiary
08:32 Orc Burrow
09:49 Orc Burrow
10:12 Fortress
10:33 Spirit Lodge
10:51 Orc Burrow
20:55 Great Hall
22:20 Orc Burrow
22:21 Orc Burrow
25:08 Great Hall
25:11 Orc Burrow
» items
| Lesser Clarity Potion | 4 | |
| Healing Salve | 2 | |
| Periapt of Vitality | 1 | |
| Circlet of Nobility | 1 | |
8 total
Ingang (
yellow | 91 APM | 3466 actions | 38:15)
9 Mountain King
3 Storm Bolt
3 Bash
1 Avatar
2 Thunder Clap
1 Paladin
1 Holy Light
» actions
| Assign group hotkey | 39 | |
| Basic commands | 322 | |
| Build / train | 177 | |
| ESC pressed | 5 | |
| Enter build submenu | 76 | |
| Enter hero's abilities submenu | 10 | |
| Give item / drop item | 6 | |
| Right click | 1204 | |
| Select / deselect | 573 | |
| Select group hotkey | 858 | |
| Use ability | 196 | |
3466 total
» units
| Peasant | 30 | |
| Footman | 15 | |
| Rifleman | 2 | |
| Gryphon Rider | 5 | |
| Dragonhawk Rider | 5 | |
57 total
» upgrades
| Masonry | 3 | |
| Swords | 3 | |
| Defend | 1 | |
| Armor | 3 | |
| Lumber Harvesting | 2 | |
| Storm Hammers | 1 | |
| Cloud | 1 | |
| Animal War Training | 1 | |
| Plating | 3 | |
| Gunpowder | 3 | |
| Magic Sentry | 1 | |
| Sorceress Training | 2 | |
| Priest Training | 2 | |
| Control Magic | 1 | |
| Long Rifles | 1 | |
| Backpack | 1 | |
29 total
» buildings
| Altar of Kings | 1 | |
| Barracks | 1 | |
| Farm | 12 | |
| Lumber Mill | 1 | |
| Arcane Vault | 2 | |
| Scout Tower | 36 | |
| Blacksmith | 1 | |
| Arcane Tower | 4 | |
| Guard Tower | 48 | |
| Town Hall | 4 | |
| Keep | 2 | |
| Castle | 2 | |
| Gryphon Aviary | 4 | |
| Arcane Sanctum | 1 | |
119 total
» build order
00:17 Altar of Kings
00:18 Barracks
00:20 Farm
00:59 Farm
01:29 Lumber Mill
01:43 Farm
02:09 Farm
02:19 Arcane Vault
03:24 Farm
04:16 Scout Tower
04:36 Blacksmith
04:43 Arcane Tower
04:43 Arcane Tower
04:46 Scout Tower
04:49 Guard Tower
04:49 Guard Tower
05:14 Arcane Tower
06:01 Farm
07:21 Town Hall
07:24 Town Hall
07:27 Scout Tower
07:32 Scout Tower
07:33 Scout Tower
07:36 Scout Tower
07:40 Scout Tower
07:45 Scout Tower
07:47 Scout Tower
08:20 Guard Tower
08:20 Guard Tower
08:21 Guard Tower
08:29 Farm
08:33 Guard Tower
09:06 Guard Tower
09:30 Guard Tower
10:14 Keep
10:15 Keep
10:48 Scout Tower
10:51 Scout Tower
10:54 Scout Tower
10:56 Scout Tower
10:59 Scout Tower
11:17 Guard Tower
11:17 Guard Tower
11:18 Guard Tower
11:28 Guard Tower
11:34 Guard Tower
11:53 Guard Tower
12:21 Scout Tower
12:21 Scout Tower
12:23 Scout Tower
12:24 Scout Tower
12:34 Scout Tower
12:50 Scout Tower
12:53 Guard Tower
12:54 Guard Tower
12:54 Guard Tower
12:54 Guard Tower
12:54 Guard Tower
12:55 Guard Tower
13:02 Guard Tower
13:02 Guard Tower
13:29 Guard Tower
13:29 Guard Tower
13:54 Town Hall
14:14 Scout Tower
14:15 Scout Tower
14:16 Scout Tower
14:17 Scout Tower
14:28 Scout Tower
14:29 Scout Tower
14:30 Scout Tower
14:31 Scout Tower
14:33 Scout Tower
14:53 Guard Tower
14:53 Guard Tower
14:53 Guard Tower
14:56 Scout Tower
15:08 Guard Tower
15:08 Guard Tower
15:10 Scout Tower
15:11 Scout Tower
15:23 Castle
15:49 Guard Tower
15:49 Guard Tower
16:00 Guard Tower
17:20 Gryphon Aviary
17:21 Gryphon Aviary
17:25 Guard Tower
17:41 Gryphon Aviary
17:51 Scout Tower
17:54 Scout Tower
17:57 Scout Tower
18:01 Scout Tower
18:24 Guard Tower
18:51 Gryphon Aviary
19:02 Guard Tower
19:08 Guard Tower
22:46 Farm
22:55 Farm
22:56 Farm
23:15 Farm
23:19 Farm
27:15 Town Hall
30:10 Arcane Sanctum
36:15 Arcane Vault
» items
| Boots of Speed | 1 | |
| Scroll of Regeneration | 5 | |
| Potion of Healing | 3 | |
| Potion of Mana | 2 | |
| Lesser Clarity Potion | 2 | |
| Orb of Fire | 1 | |
| Scroll of Town Portal | 1 | |
15 total
Rody186 (
purple | 24 APM | 912 actions | 38:14)
7 Paladin
1 Holy Light
3 Devotion Aura
3 Divine Shield
» actions
| Assign group hotkey | 57 | |
| Basic commands | 48 | |
| Build / train | 102 | |
| ESC pressed | 1 | |
| Enter build submenu | 32 | |
| Enter hero's abilities submenu | 5 | |
| Remove unit from queue | 2 | |
| Right click | 254 | |
| Select / deselect | 227 | |
| Select group hotkey | 98 | |
| Use ability | 86 | |
912 total
» units
| Peasant | 6 | |
| Footman | 8 | |
| Sorceress | 10 | |
| Priest | 7 | |
| Knight | 10 | |
41 total
» upgrades
| Masonry | 3 | |
| Lumber Harvesting | 1 | |
| Animal War Training | 1 | |
| Gunpowder | 0 | |
| Swords | 1 | |
| Priest Training | 2 | |
| Plating | 2 | |
| Sorceress Training | 1 | |
| Magic Sentry | 1 | |
12 total
» buildings
| Altar of Kings | 1 | |
| Farm | 14 | |
| Barracks | 2 | |
| Scout Tower | 7 | |
| Arcane Tower | 1 | |
| Arcane Vault | 1 | |
| Keep | 1 | |
| Lumber Mill | 2 | |
| Guard Tower | 2 | |
| Castle | 1 | |
| Arcane Sanctum | 1 | |
| Blacksmith | 1 | |
34 total
» build order
00:07 Altar of Kings
00:13 Farm
00:33 Barracks
00:57 Scout Tower
01:33 Arcane Tower
02:08 Farm
03:00 Farm
03:21 Arcane Vault
04:58 Keep
04:59 Scout Tower
05:10 Scout Tower
05:21 Lumber Mill
05:31 Lumber Mill
06:07 Guard Tower
07:43 Castle
08:12 Barracks
08:13 Arcane Sanctum
12:09 Blacksmith
12:48 Farm
12:50 Farm
12:54 Farm
13:19 Farm
13:52 Farm
14:35 Scout Tower
14:37 Scout Tower
14:39 Scout Tower
15:45 Guard Tower
16:16 Farm
16:17 Farm
16:59 Farm
18:10 Farm
18:57 Farm
19:16 Farm
22:07 Scout Tower
» items
| Staff of Sanctuary | 1 | |
| Scroll of Town Portal | 1 | |
| Potion of Mana | 1 | |
| Potion of Healing | 1 | |
| Lesser Clarity Potion | 1 | |
5 total
Houura (
teal | 22 APM | 654 actions | 29:23)
3 Keeper of the Grove
1 Force of Nature
2 Entangling Roots
» actions
| Assign group hotkey | 2 | |
| Build / train | 83 | |
| Enter build submenu | 16 | |
| Enter hero's abilities submenu | 3 | |
| Remove unit from queue | 4 | |
| Right click | 247 | |
| Select / deselect | 270 | |
| Select group hotkey | 3 | |
| Use ability | 26 | |
654 total
» units
» upgrades
| Strength of the Moon | 2 | |
| Strength of the Wild | 2 | |
| Ultravision | 1 | |
| Reinforced Hides | 1 | |
| Moon Armor | 2 | |
| Sentinel | 1 | |
| Abolish Magic | 1 | |
10 total
» buildings
| Altar of Elders | 1 | |
| Moon Well | 8 | |
| Ancient of War | 2 | |
| Hunter's Hall | 1 | |
| Tree of Ages | 1 | |
| Ancient of Lore | 1 | |
| Tree of Eternity | 1 | |
| Tree of Life | 1 | |
16 total
» build order
00:22 Altar of Elders
00:37 Moon Well
00:51 Ancient of War
01:57 Moon Well
02:40 Hunter's Hall
02:56 Ancient of War
04:23 Tree of Ages
05:01 Moon Well
06:03 Moon Well
08:48 Ancient of Lore
08:58 Moon Well
11:24 Moon Well
16:08 Tree of Eternity
19:07 Moon Well
21:32 Tree of Life
22:15 Moon Well
team 2 (loser)
HiLolloLiH (
green | 58 APM | 2236 actions | 38:14)
9 Archmage
3 Summon Water Elemental
3 Brilliance Aura
1 Mass Teleport
2 Blizzard
1 Crypt Lord
1 Carrion Beetles
» actions
| Assign group hotkey | 166 | |
| Basic commands | 103 | |
| Build / train | 113 | |
| Enter build submenu | 49 | |
| Enter hero's abilities submenu | 10 | |
| Give item / drop item | 9 | |
| Right click | 774 | |
| Select / deselect | 472 | |
| Select group hotkey | 389 | |
| Use ability | 151 | |
2236 total
» units
| Peasant | 19 | |
| Footman | 2 | |
| Rifleman | 6 | |
| Mortar Team | 7 | |
| Sorceress | 2 | |
36 total
» upgrades
| Long Rifles | 1 | |
| Gunpowder | 3 | |
| Lumber Harvesting | 2 | |
| Armor | 3 | |
| Masonry | 3 | |
| Sorceress Training | 1 | |
| Magic Sentry | 1 | |
| Fragmentation Shards | 1 | |
| Flare | 1 | |
16 total
» buildings
| Altar of Kings | 1 | |
| Barracks | 2 | |
| Farm | 8 | |
| Blacksmith | 1 | |
| Keep | 1 | |
| Arcane Vault | 2 | |
| Lumber Mill | 2 | |
| Town Hall | 2 | |
| Scout Tower | 38 | |
| Guard Tower | 15 | |
| Arcane Sanctum | 2 | |
| Workshop | 3 | |
| Castle | 1 | |
| Spirit Tower | 3 | |
| Ziggurat | 5 | |
86 total
» build order
00:40 Altar of Kings
00:41 Barracks
00:54 Farm
01:06 Farm
01:13 Farm
02:10 Blacksmith
02:15 Farm
03:34 Keep
03:40 Arcane Vault
04:28 Farm
05:27 Lumber Mill
07:53 Town Hall
07:56 Scout Tower
07:56 Scout Tower
07:57 Scout Tower
07:57 Scout Tower
07:58 Scout Tower
07:59 Scout Tower
08:00 Scout Tower
08:01 Scout Tower
08:10 Scout Tower
08:11 Scout Tower
08:13 Scout Tower
08:14 Scout Tower
08:20 Scout Tower
08:20 Scout Tower
08:21 Scout Tower
08:22 Scout Tower
08:23 Scout Tower
08:25 Scout Tower
08:29 Guard Tower
08:52 Guard Tower
08:53 Guard Tower
08:58 Guard Tower
08:58 Guard Tower
09:36 Guard Tower
09:40 Guard Tower
10:45 Guard Tower
11:08 Arcane Vault
11:33 Scout Tower
11:34 Scout Tower
11:35 Scout Tower
11:36 Scout Tower
11:36 Scout Tower
11:38 Scout Tower
11:40 Scout Tower
11:44 Lumber Mill
13:07 Guard Tower
13:22 Arcane Sanctum
13:25 Arcane Sanctum
13:29 Workshop
13:31 Workshop
13:34 Workshop
13:36 Barracks
13:40 Castle
13:48 Farm
13:49 Farm
13:50 Farm
23:30 Spirit Tower
23:35 Spirit Tower
23:35 Spirit Tower
26:59 Town Hall
27:10 Scout Tower
27:11 Scout Tower
27:11 Scout Tower
27:13 Scout Tower
27:13 Scout Tower
27:14 Scout Tower
27:14 Scout Tower
27:16 Scout Tower
27:16 Scout Tower
27:16 Scout Tower
27:17 Scout Tower
27:18 Scout Tower
28:11 Guard Tower
28:11 Guard Tower
28:12 Guard Tower
28:19 Guard Tower
28:41 Ziggurat
28:42 Ziggurat
28:43 Ziggurat
28:43 Ziggurat
28:46 Guard Tower
31:15 Guard Tower
» items
| Scroll of Regeneration | 7 | |
| Periapt of Vitality | 2 | |
| Scroll of Protection | 1 | |
| Scroll of Healing | 1 | |
| Scroll of Town Portal | 6 | |
| Potion of Healing | 5 | |
| Mechanical Critter | 6 | |
| Potion of Mana | 1 | |
| Staff of Teleportation | 1 | |
30 total
gnoMAD (
red | 70 APM | 1580 actions | 22:27)
3 Keeper of the Grove
2 Force of Nature
1 Entangling Roots
2 Priestess of the Moon
1 Scout
1 Trueshot Aura
» actions
| Assign group hotkey | 29 | |
| Basic commands | 63 | |
| Build / train | 62 | |
| ESC pressed | 4 | |
| Enter build submenu | 23 | |
| Enter hero's abilities submenu | 5 | |
| Right click | 394 | |
| Select / deselect | 270 | |
| Select group hotkey | 652 | |
| Use ability | 78 | |
1580 total
» units
| Wisp | 20 | |
| Archer | 10 | |
| Huntress | 2 | |
| Hippogryph | 2 | |
| Chimaera | 5 | |
39 total
» upgrades
| Hippogryph Taming | 1 | |
| Improved Bows | 1 | |
| Corrosive Breath | 1 | |
3 total
» buildings
| Moon Well | 7 | |
| Altar of Elders | 1 | |
| Ancient of War | 1 | |
| Ancient of Wonders | 1 | |
| Hunter's Hall | 1 | |
| Tree of Ages | 1 | |
| Ancient Protector | 3 | |
| Tree of Eternity | 1 | |
| Ancient of Wind | 3 | |
| Chimaera Roost | 2 | |
| Tree of Life | 1 | |
22 total
» build order
00:10 Moon Well
00:20 Altar of Elders
00:59 Ancient of War
01:22 Moon Well
01:55 Ancient of Wonders
03:48 Hunter's Hall
04:00 Tree of Ages
05:01 Ancient Protector
05:31 Ancient Protector
06:48 Moon Well
07:45 Ancient Protector
08:41 Tree of Eternity
08:44 Moon Well
10:29 Ancient of Wind
10:35 Ancient of Wind
10:38 Ancient of Wind
11:55 Chimaera Roost
12:43 Moon Well
14:17 Chimaera Roost
16:24 Moon Well
16:49 Moon Well
16:54 Tree of Life
» items
| Dust of Appearance | 3 | |
| Lesser Clarity Potion | 3 | |
| Scroll of Town Portal | 2 | |
| Potion of Mana | 2 | |
| Scroll of Regeneration | 1 | |
11 total
Dikfor (
orange | 48 APM | 1080 actions | 22:33)
6 Crypt Lord
2 Carrion Beetles
3 Spiked Carapace
1 Locust Swarm
» actions
| Basic commands | 1 | |
| Build / train | 57 | |
| Enter build submenu | 16 | |
| Enter hero's abilities submenu | 6 | |
| Give item / drop item | 3 | |
| Remove unit from queue | 1 | |
| Right click | 647 | |
| Select / deselect | 312 | |
| Use ability | 37 | |
1080 total
» units
| Acolyte | 4 | |
| Ghoul | 4 | |
| Crypt Fiend | 11 | |
| Obsidian Statue | 3 | |
| Frost Wyrm | 6 | |
28 total
» upgrades
| Creature Attack | 3 | |
| Creature Carapace | 3 | |
| Web | 1 | |
| Freezing Breath | 1 | |
8 total
» buildings
| Crypt | 1 | |
| Graveyard | 1 | |
| Ziggurat | 6 | |
| Altar of Darkness | 1 | |
| Nerubian Tower | 1 | |
| Halls of the Dead | 1 | |
| Tomb of Relics | 1 | |
| Spirit Tower | 2 | |
| Black Citadel | 1 | |
| Slaughterhouse | 1 | |
| Sacrificial Pit | 1 | |
| Boneyard | 1 | |
18 total
» build order
00:12 Crypt
00:18 Graveyard
00:40 Ziggurat
00:59 Altar of Darkness
01:27 Ziggurat
02:15 Nerubian Tower
03:34 Ziggurat
04:03 Halls of the Dead
04:42 Tomb of Relics
04:55 Ziggurat
05:57 Spirit Tower
06:25 Black Citadel
06:29 Slaughterhouse
07:45 Sacrificial Pit
09:32 Boneyard
09:43 Spirit Tower
10:07 Ziggurat
11:20 Ziggurat
» items
| Periapt of Vitality | 1 | |
| Orb of Corruption | 1 | |
| Scroll of Town Portal | 2 | |
4 total

»
retaliatex (
blue | 26 APM | 537 actions | 20:57)
4 Crypt Lord
1 Carrion Beetles
2 Impale
1 Spiked Carapace
» actions
| Build / train | 47 | |
| Enter build submenu | 19 | |
| Enter hero's abilities submenu | 4 | |
| Give item / drop item | 1 | |
| Right click | 222 | |
| Select / deselect | 213 | |
| Use ability | 31 | |
537 total
» units
| Acolyte | 11 | |
| Ghoul | 4 | |
| Crypt Fiend | 10 | |
| Frost Wyrm | 5 | |
30 total
» upgrades
| Web | 1 | |
| Creature Attack | 2 | |
| Freezing Breath | 1 | |
| Creature Carapace | 1 | |
5 total
» buildings
| Ziggurat | 7 | |
| Crypt | 1 | |
| Altar of Darkness | 1 | |
| Graveyard | 1 | |
| Nerubian Tower | 3 | |
| Tomb of Relics | 1 | |
| Halls of the Dead | 1 | |
| Sacrificial Pit | 1 | |
| Black Citadel | 1 | |
| Spirit Tower | 1 | |
| Boneyard | 2 | |
| Slaughterhouse | 1 | |
21 total
» build order
01:03 Ziggurat
01:12 Crypt
01:37 Altar of Darkness
03:01 Graveyard
03:12 Ziggurat
03:15 Nerubian Tower
03:31 Tomb of Relics
04:05 Halls of the Dead
04:17 Nerubian Tower
06:34 Sacrificial Pit
06:37 Black Citadel
09:23 Ziggurat
09:29 Ziggurat
09:37 Ziggurat
10:20 Nerubian Tower
11:36 Spirit Tower
11:40 Boneyard
12:04 Boneyard
12:07 Ziggurat
18:19 Slaughterhouse
18:32 Ziggurat
» items
Chat log
(00:12 / Allies) Houura: plan ?
(01:14 / Allies) Rody186: hmm
(01:26 / Allies) Rody186: knights/casters
(01:38 / Allies) Ingang: I got air you guys get ground
(02:43 / All) Dikfor: What are u guys wearing>
(02:51 / All) Ingang: Turncoat is that you?
(03:03 / All) retaliatex: nothing
(03:39 / Allies) Rody186: brt
(03:48 / Allies) Rody186: go
(04:06 / All) Ingang: Orange, do you perch?
(04:13 / All) Ingang: Do you like high perches?
(04:18 / Allies) Loadmaster: go
(04:19 / Allies) Loadmaster: fool
(04:38 / Allies) Loadmaster: purp
(04:39 / Allies) Loadmaster: hit
(04:40 / Allies) Loadmaster: wtf
(04:55 / Allies) Loadmaster: and heal me
(05:01 / Allies) Rody186: oom
(05:03 / Allies) Loadmaster: wow baddy dude
(05:13 / Allies) Rody186: doing two things at once
(05:15 / Allies) Rody186: srry
(05:35 / All) Ingang: Someone on my team said baddy. He must be a World of Warcraft player
(05:56 / All) retaliatex: my team did too
(05:56 / All) Loadmaster: GOOD ONE
(06:55 / Allies) Houura: GO
(06:59 / Allies) Rody186: control me
(07:01 / Allies) Loadmaster: protector
(07:02 / Allies) Rody186: i have to get a delivery
(07:37 / Allies) Loadmaster: well stopped an ud tech
(09:37 / All) Loadmaster: slow bro
(09:52 / All) gnoMAD: Im not ur bro
(09:54 / Allies) Loadmaster: almost ready to hit
(09:59 / All) Loadmaster: you are
(10:02 / All) Loadmaster: and i will kill you out of love
(10:08 / All) gnoMAD: come
(10:18 / All) Loadmaster: im getting there
(10:24 / All) gnoMAD: you tried 3 time but failed
(10:39 / All) Loadmaster: pretty sure i sliced your hero in half a few minutes ago
(10:51 / All) HiLolloLiH: blue 2k lumber can't share
(10:51 / All) gnoMAD: no you didnt
(11:23 / Allies) Loadmaster: teal
(11:25 / Allies) Loadmaster: hunts all game?
(11:39 / Allies) Ingang: wood please
(11:55 / Allies) Ingang: wood
(12:06 / Allies) Ingang: ty
(12:07 / All) HiLolloLiH: FOR TOWERS
(12:08 / Allies) Ingang: move please teal
(12:34 / Allies) Loadmaster: omw
(13:11 / Allies) Loadmaster: teal bad
(13:22 / Allies) Loadmaster: jesus
(13:22 / Allies) Loadmaster: gg
(13:27 / Allies) Ingang: I need wood
(13:33 / Allies) Loadmaster: dude u need to uninstall
(13:36 / Allies) Ingang: lol
(13:41 / Allies) Ingang: move hunt please
(14:20 / Allies) Loadmaster: hit
(14:22 / Allies) Loadmaster: all together
(14:23 / Allies) Loadmaster: now plz
(14:26 / Allies) Houura: I Dont have gold mine
(14:29 / Allies) Houura: yellow... x.x
(15:30 / Allies) Loadmaster: sp stupid
(15:31 / Allies) Loadmaster: we lost
(15:35 / Allies) Ingang: not over yet
(15:39 / Allies) Ingang: anything can happen in 4v4
(15:41 / Allies) Loadmaster: way too many towers
(15:44 / Allies) Loadmaster: have to b
(15:55 / Allies) Loadmaster: so bad
(15:58 / Allies) Loadmaster: running into that
(16:01 / All) gnoMAD: aww pink why you tp
(16:04 / Allies) Loadmaster: but im on a laptop and cant type or react fast enough
(16:09 / All) gnoMAD: bro
(16:32 / All) Loadmaster: cause running into 15 towers is dumb
(16:46 / All) Loadmaster: and i cant react on my friends track ball stupid thing so i went with it
(17:03 / Allies) Loadmaster: regroup
(17:05 / Allies) Loadmaster: dont hit alone
(17:21 / Allies) Loadmaster: lust coming soon
(17:24 / Allies) Loadmaster: wait fr that pl
(18:41 / Allies) Loadmaster: kk
(18:55 / Allies) Loadmaster: lets group up
(18:57 / Allies) Loadmaster: and hit someone else
(19:03 / Allies) Loadmaster: without 20 towers to kill all our shit
(19:05 / All) Dikfor: oh
(20:17 / Allies) Loadmaster: my base is 100% gone
(20:19 / Allies) Loadmaster: we have to win now
(20:40 / All) Loadmaster: oops
(20:42 / All) Loadmaster: sry bro
(20:59 / Allies) Ingang: wood please
(21:06 / All) Loadmaster: is this ur base?
(21:07 / All) Loadmaster: oh shit my bad bra
(21:37 / All) Dikfor: gg
(21:41 / All) Loadmaster: yupppppp
(21:42 / All) Loadmaster: later
(21:42 / All) Ingang: not over yet
(21:43 / All) gnoMAD: you couldnt event penetrate my base so needed help morron
(21:45 / All) Ingang: anything can happen in 4v4
(21:50 / All) Loadmaster: i penetrated you
(21:50 / All) Loadmaster: deep
(21:51 / All) Loadmaster: bro
(22:00 / All) gnoMAD: no you didnt
(22:08 / All) Loadmaster: im balls deep right now
(22:23 / All) gnoMAD: gg noobstera
(22:28 / All) Loadmaster: later bro
(22:38 / Allies) Ingang: wood
(22:40 / All) HiLolloLiH: my allies have buttocks for hearts
(22:48 / Allies) Ingang: ty
(23:29 / All) Loadmaster: leave plz
(23:30 / All) Loadmaster: its done
(23:39 / All) HiLolloLiH: it is?
(23:42 / Allies) Loadmaster: gold plz
(23:56 / Allies) Loadmaster: yellow send ur units
(23:59 / Allies) Loadmaster: omg
(24:00 / Allies) Loadmaster: 10k gold
(24:02 / Allies) Loadmaster: wooooooooow
(24:19 / Allies) Loadmaster: this is not funny
(24:24 / All) Ingang: YES IT IS
(24:39 / Allies) Loadmaster: dude give me some gold for expo
(26:42 / Allies) Loadmaster: dude
(26:55 / Allies) Loadmaster: wow
(27:21 / All) Loadmaster: yellow is in the special classroom so
(27:22 / All) Loadmaster: gg
(28:44 / Allies) Houura: yellow ?
(28:49 / All) Ingang: Thanks for giving control purple
(28:49 / Allies) Rody186: idk
(28:52 / All) Ingang: Now I have inner fired gryphons
(28:54 / All) Ingang: makes it easier
(29:00 / Allies) Rody186: k
(29:31 / All) Ingang: Time for you to leave, purple
(30:32 / All) HiLolloLiH: Pink did you enjoy your time?
(30:39 / All) Ingang: He left
(30:47 / All) HiLolloLiH: sad day
(31:44 / All) HiLolloLiH: Purple did you enjoy your time?
(33:42 / All) Ingang: yeah killing my stuff now
(36:22 / All) Ingang: forgot backpack for 100% tech
(36:49 / All) HiLolloLiH: Jacob is online
(36:54 / All) HiLolloLiH: He walked on a mountain trail today
(36:56 / All) HiLolloLiH: Well
(37:04 / All) HiLolloLiH: He was hauled in a wagon by his less obese family members
(37:07 / All) Ingang: told him this game is almost over